AoeStats
← solntsev

Arena

510417129Analyzed
3v3 RM · 2d ago on Sep 30, 2026· 33m 25s· 6 players
Game mode
Random Map
Map size
Normal (6 player)
Population
200
Speed
Normal
Resources
Standard
Victory
Conquest
Starting age
Dark Age
Ending age
Imperial Age
RankedLock teamsTeams togetherTeam positionsShared explorationLock speedFull tech treeHidden civsTurbo modeCheats
Victory
Defeat
🇷🇺 Persians · Russia
1246
+14
🇷🇺 Britons · Russia
1246
+14
🇺🇸 Bohemians · United States
1219
+15
🇧🇷 Sicilians · Brazil
1254
-16
🇭🇰 Malay · Hong Kong SAR China
1203
-14
🇧🇷 Goths · Brazil
1155
-13
LoolyPoopZ
10:23 Feudal Age
14:34 Castle Age
13:03 Stone Mining
14:33 Loom
15:29 Fletching
20:32 Bodkin Arrow
30:27 Padded Archer Armor
solntsev
9:46 Feudal Age
9:56 Feudal Age
14:20 Castle Age
13:13 Double-Bit Axe
17:17 Fletching
27:13 Imperial Age
27:15 Spies/Treason
27:50 Capped Ram
32:19 Wheelbarrow
32:41 Town Watch
yagodka
7:01 Loom
9:37 Feudal Age
14:29 Castle Age
13:54 Double-Bit Axe
16:47 Man-at-Arms
17:09 Man-at-Arms
18:39 Long Swordsman
21:33 Gambesons
23:24 Squires
23:12 Arson
25:47 Forging
25:37 Scale Mail Armor
kaaaboooom
11:15 Feudal Age
21:23 Castle Age
GOOLFYZERA
Leo Javier
Connection lost

Rejoining the realm…

Still unreachable

The connection could not be restored.

Session expired

The server has moved on; the page needs a fresh start.